 Dungeon Crawl Stone Soup version 0.19-a0-1821-g42c593c (webtiles) character file.

80535 varam the Imperceptible (level 15, -14/80 HPs)
             Began as a Spriggan Enchanter on Oct 6, 2016.
             Was the Champion of Okawaru.
             Killed from afar by a thorn hunter (24 damage)
             ... with a volley of thorns
             ... on level 1 of the Swamp on Oct 7, 2016.
             The game lasted 02:49:41 (29353 turns).

varam the Imperceptible (Spriggan Enchanter)       Turns: 29353, Time: 02:49:42

Health: -14/80     AC:  6    Str:  8    XL:     15   Next: 24%
Magic:  6/26       EV: 36    Int: 20    God:    Okawaru [******]
Gold:   1496       SH:  0    Dex: 30    Spells: 5 memorised, 18 levels left

rFire  . . .     SeeInvis +     Y - +8 quick blade
rCold  + . .     Gourm    .     p - +3 robe of Okawaru's Fury {rC+ rN+ Dex+3}
rNeg   + . .     Faith    .     (shield restricted)
rPois  .         Spirit   .     A - +0 hat
rElec  .         Dismiss  .     H - +0 cloak of Divine Compulsion {Str+4 Int+3}
rCorr  .         Reflect  .     (gloves unavailable)
MR     ++...     Harm     .     (boots unavailable)
Stlth  +++++++++.               g - amulet of magic regeneration
                                z - +4 ring of dexterity
                                (no ring)

@: studying Short Blades, very quick
A: unfitting armour, see invisible, herbivore 3, speed 3, slow metabolism 2
a: Heroism, Finesse, Renounce Religion


You were on level 1 of the Swamp.
You worshipped Okawaru.
Okawaru was exalted by your worship.
You were not hungry.

You visited 4 branches of the dungeon, and saw 22 of its levels.
You also visited: Labyrinth and Ice Cave.

You collected 1676 gold pieces.
You spent 180 gold pieces at shops.

Inventory:

Hand Weapons
 i - a +2 antimagic short sword
 X - a +4 dagger of venom
 Y - a +8 quick blade (weapon)
Missiles
 d - 5 steel tomahawks (quivered)
 V - 58 poisoned needles
Armour
 f - a +0 buckler
 p - the +3 robe of Okawaru's Fury (worn) {rC+ rN+ Dex+3}
   (Okawaru gifted it to you on level 6 of the Lair of Beasts)

   It affects your dexterity (+3).
   It protects you from cold.
   It protects you from negative energy.
 A - a +0 hat (worn)
 H - the +0 cloak of Divine Compulsion (worn) {Str+4 Int+3}
   (You bought it in a shop on level 4 of the Dungeon)

   It affects your strength (+4).
   It affects your intelligence (+3).
 Q - a +1 robe of magic resistance
Rods
 N - a +5 iron rod (10/10)
   (You found it on level 6 of the Lair of Beasts)
 O - a -2 rod of inaccuracy (9/9)
   (You found it on level 5 of the Lair of Beasts)
Jewellery
 c - an uncursed amulet of regeneration
 g - an amulet of magic regeneration (around neck)
 z - a +4 ring of dexterity (right hand)
 S - an uncursed ring of poison resistance
Wands
 C - a wand of iceblast (5/15)
 D - a wand of iceblast (6/15)
 T - a wand of iceblast (10/15)
Scrolls
 a - a scroll of enchant weapon
 m - 2 scrolls of blinking
 q - 8 scrolls of remove curse
 t - 3 scrolls of fog
 v - 3 scrolls of teleportation
 G - 2 scrolls of magic mapping
Potions
 e - 5 potions of heal wounds
 h - a potion of might
 j - 18 potions of curing
 B - 2 potions of magic
Books
 k - a manual of Short Blades
 l - a book of Debilitation

   Spells                             Type                      Level
   a - Corona                         Hexes                        1
   b - Slow                           Hexes                        2
   c - Gell's Gravitas                Hexes/Translocation          3
   d - Inner Flame                    Hexes/Fire                   3
   e - Cause Fear                     Hexes                        4
   f - Leda's Liquefaction            Hexes/Earth                  4
Miscellaneous
 L - a box of beasts
Comestibles
 b - 4 bread rations
 o - 21 fruits
 Z - 6 royal jellies


   Skills:
 - Level 10.1 Fighting
 - Level 11.0 Short Blades
 - Level 6.0 Throwing
 - Level 15.1 Dodging
 + Level 22.7 Stealth
 + Level 2.6 Shields
 - Level 7.1 Spellcasting
 - Level 10.2 Hexes
 - Level 0.2 Ice Magic


You had 18 spell levels left.
You knew the following spells:

 Your Spells              Type           Power        Failure   Level  Hunger
a - Ensorcelled Hibernat  Hex/Ice        ####..       1%          2    None
b - Corona                Hex            #####..      1%          1    None
c - Confuse               Hex            #####...     1%          3    #......
d - Dazzling Spray        Conj/Hex       ####..       4%          3    #......
e - Apportation           Tloc           #.........   12%         1    None


Dungeon Overview and Level Annotations

Branches:
Dungeon (14/15)            Temple (1/1) D:7            Lair (6/6) D:8
  Swamp (1/4) Lair:3        Snake (0/4) Lair:2        Slime (0/5) Lair:6
    Orc (0/2) D:12
 Vaults: D:13-14

Altars:
Ashenzari
Cheibriados
Dithmenos
Elyvilon
Fedhas
Gozag
Hepliaklqana
Kikubaaqudgha
Makhleb
Nemelex Xobeh
Okawaru
Qazlal
Ru
Sif Muna
Trog
Uskayaw
Vehumet
Xom
Yredelemnul
Zin
The Shining One
Beogh
Jiyva

Shops:
D:4 [   D:11 [

Annotations:
Lair:4 exclusion: oklob plant


Innate Abilities, Weirdness & Mutations

You are very small and have problems with some larger weapons.
You are too small for most types of armour.
You have supernaturally acute eyesight. (SInv)
You are a herbivore.
You cover ground extremely quickly.
You need consume almost no food.


Message History

Aim: a thorn hunter (severely damaged, chance to defeat MR: 10%)
The thorn hunter resists with almost no effort.
The thorn hunter hits you!!
* * * LOW HITPOINT WARNING * * *
The thorn hunter completely misses you. The thorn hunter barely misses you.
The thorn hunter hits you!
* * * LOW HITPOINT WARNING * * *
You closely miss the thorn hunter.
The thorn hunter is severely damaged.
You hit the thorn hunter.
The thorn hunter is severely damaged.
Casting: Confuse
Confirm with . or Enter, or press ? or * to list all spells.
Aiming: Confuse
Press: ? - help, Shift-Dir - straight line, f/p - thorn hunter
Aim: a thorn hunter (severely damaged, chance to defeat MR: 10%)
The thorn hunter resists with almost no effort.
The thorn hunter fires a volley of thorns at you.
The volley of thorns hits you!
You die...

♣.≈≈≈≈≈≈.≈♣ ♣♣♣♣≈
♣.≈≈≈≈≈..♣ ♣♣♣≈≈≈♣
.≈≈≈≈≈..♣♣ ♣≈≈≈≈.♣
.≈≈≈...≈♣ ♣♣♣≈≈≈≈.♣♣♣♣
.≈≈.....♣♣♣..≈≈......♣
♣....≈≈.♣♣≈..≈≈≈...≈.♣♣
♣.≈≈.≈♣≈≈.≈..≈≈≈......♣
♣≈≈≈...≈≈..≈..........♣
≈.≈........≈..≈f@....♣♣
......≈♣≈≈≈...♣....†.♣♣
♣..§≈...≈....≈♣♣..≈..≈♣
♣...♣...≈.....♣♣♣♣♣♣†≈♣
♣..♣♣♣≈.♣....≈≈♣♣♣ ♣♣♣♣
♣♣♣♣ ♣♣♣♣≈.≈≈[..§♣ ♣
♣♣≈♣....♣♣ .♣ ♣♣♣...♣♣
≈♣ ♣♣♣♣♣


You could see a thorn hunter.

Vanquished Creatures
  Kirke (Lair:3)
  The ghost of Amnesiac the Executioner, a journeyman HOGl of Okawaru (IceCv)
  A minotaur (Lab)
  Harold (Lair:1)
  6 hydras
  Erica (Lair:1)
  A catoblepas (Lair:4)
  An alligator (Swamp:1)
  The ghost of Protee the Insei, a novice DsTm of Makhleb (D:9)
  19 death yaks
  Nergalle (Lair:1)
  An unseen horror (D:11)
  A hill giant (D:12)
  2 deep elf magi (D:12)
  The ghost of Raykoid666 the Charmwright, a novice DsSk of Sif Muna (D:6)
  2 ugly things
  2 manticores
  The ghost of Avanven the Cruncher, a novice DgGl (D:7)
  12 elephants (Lair:5)
  A torpor snail (Lair:2)
  Joseph (D:8)
  4 black mambas
  28 spiny frogs
  4 rime drakes
  11 komodo dragons
  A kobold demonologist (D:12)
  7 tyrant leeches
  A troll (D:12)
  A slime creature (D:12)
  The ghost of wazuzu the Cudgeler, an amateur DrSk of Lugonu (D:3)
  2 hornets
  A two-headed ogre (D:11)
  8 hippogriffs
  15 blink frogs
  9 dream sheep
  Sigmund (D:2)
  59 yaks
  2 wyverns
  Eustachio (D:4)
  3 basilisks
  2 water elementals
  2 hungry ghosts
  6 hogs
  Grum (D:8)
  8 vampire mosquitoes
  A steam dragon (D:12)
  Menkaure (D:6)
  3 swamp worms (Swamp:1)
  A soldier ant (D:10)
  2 nagas (Lair:2)
  13 water moccasins
  A hell hound (D:8)
  11 porcupines
  A phantom (D:13)
  10 orc warriors
  17 ice beasts
  3 necrophages
  2 sky beasts
  7 ogres
  22 wolves
  2 centaurs
  16 crocodiles
  3 big kobolds
  23 bullfrogs
  A wyvern zombie (D:10)
  2 scorpions
  A water moccasin skeleton (D:8)
  A wyvern skeleton (D:6)
  12 killer bees (D:10)
  18 wights
  2 vampire bats (D:9)
  2 howler monkeys (D:7)
  4 electric eels
  4 crimson imps
  2 bullfrog zombies
  2 centaur zombies
  5 hounds
  2 jellies
  Crazy Yiuf (D:4)
  17 orc priests
  15 orc wizards
  2 bullfrog skeletons (D:5)
  Jessica (D:2)
  An iguana (D:4)
  15 worker ants
  A hound skeleton (D:4)
  8 adders
  4 gnolls (D:2)
  3 shadow imps
  An ooze (D:6)
  An adder skeleton (D:8)
  4 worms
  2 dart slugs
  2 leopard geckos
  82 orcs
  3 ball pythons
  3 bat skeletons (D:9)
  2 bat zombies (D:9)
  6 giant cockroaches
  10 goblins
  4 hobgoblins
  10 jackals
  26 kobolds
  4 quokkas
  A ball python skeleton (D:6)
  7 bats
  5 frilled lizards
  A leopard gecko zombie (D:5)
  6 rats
  A butterfly (Lair:2)
  A fungus (Lair:6)
  A plant (Lair:4)
684 creatures vanquished.

Vanquished Creatures (others)
  A yak (D:12)
  An ogre (D:5)
  A centaur (D:5)
  A killer bee (D:10)
  A crimson imp (D:5)
  A worker ant (D:5)
  An adder (D:5)
  An orc (D:5)
  A giant cockroach (D:5)
  3 bushes
  21 fungi
  60 plants
93 creatures vanquished.

Grand Total: 777 creatures vanquished

Notes
Turn   | Place    | Note
-------+----------+-------------------------------------------
     0 | D:1      | varam the Spriggan Enchanter began the quest for the Orb.
     0 | D:1      | Reached XP level 1. HP: 9/9 MP: 5/5
   167 | D:1      | Reached XP level 2. HP: 13/13 MP: 4/6
   174 | D:1      | Learned a level 2 spell: Ensorcelled Hibernation
   241 | D:1      | Reached skill level 5 in Stealth
   562 | D:2      | Noticed Jessica
   608 | D:2      | Found a faded altar of an unknown god.
   962 | D:2      | Reached XP level 3. HP: 16/16 MP: 5/8
  1336 | D:3      | Learned a level 3 spell: Confuse
  1498 | D:3      | Noticed wazuzu's ghost (amateur DrSk)
  2033 | D:3      | Reached skill level 6 in Stealth
  2062 | D:2      | Reached XP level 4. HP: 19/21 MP: 3/9
  2234 | D:2      | Found a sacrificial altar of Ru.
  2285 | D:2      | Found a sacrificial altar of Ru.
  2474 | D:2      | Killed Jessica
  2474 | D:2      | Reached skill level 7 in Stealth
  2474 | D:2      | Reached XP level 5. HP: 23/24 MP: 2/10
  2632 | D:2      | Noticed Sigmund
  2635 | D:2      | Killed Sigmund
  2635 | D:2      | Reached XP level 6. HP: 21/28 MP: 7/12
  2885 | D:3      | Reached skill level 8 in Stealth
  3489 | D:3      | Found a bloodstained altar of Trog.
  3838 | D:3      | Killed wazuzu's ghost
  3838 | D:3      | Reached XP level 7. HP: 32/32 MP: 10/14
  4025 | D:4      | Noticed Eustachio
  4047 | D:4      | Killed Eustachio
  4321 | D:4      | Found a sparkling altar of Nemelex Xobeh.
  4384 | D:4      | Found a runed door.
  4495 | D:4      | Noticed Crazy Yiuf
  4503 | D:4      | Killed Crazy Yiuf
  4588 | D:4      | Found Weloen's Antique Armour Boutique.
  4597 | D:4      | Bought a spiked cloak for 180 gold pieces
  4607 | D:4      | Identified the +0 cloak of Divine Compulsion {Str+4 Int+3} (You bought it in a shop on level 4 of the Dungeon)
  4675 | D:5      | Entered Level 5 of the Dungeon
  4706 | D:5      | Found a bloodstained altar of Trog.
  4772 | D:5      | Reached XP level 8. HP: 36/36 MP: 15/15
  4818 | D:5      | Found a glowing golden altar of the Shining One.
  4823 | D:5      | Found a basalt altar of Yredelemnul.
  4920 | D:5      | Reached skill level 1 in Fighting
  5092 | D:5      | Found a shimmering altar of Xom.
  5150 | D:5      | You fall through a shaft for 2 floors!
  5206 | D:7      | Reached skill level 5 in Dodging
  5342 | D:7      | Found a staircase to the Ecumenical Temple.
  5414 | Temple   | Entered the Ecumenical Temple
  5665 | Temple   | Became a worshipper of Warmaster Okawaru
  5822 | D:7      | Noticed Avanven's ghost (novice DgGl)
  5878 | D:7      | Killed Avanven's ghost
  6058 | D:7      | Reached * piety under Okawaru
  6171 | D:7      | Found a snail-covered altar of Cheibriados.
  6319 | D:8      | Found a staircase to the Lair.
  6339 | D:8      | Reached XP level 9. HP: 45/45 MP: 7/16
  6537 | D:10     | Entered Level 10 of the Dungeon
  6619 | D:9      | Found a radiant altar of Vehumet.
  6646 | D:9      | Noticed Protee's ghost (novice DsTm)
  6661 | D:9      | Killed Protee's ghost
  6661 | D:9      | Reached skill level 5 in Short Blades
  6661 | D:9      | Reached skill level 9 in Stealth
  6720 | D:9      | Reached ** piety under Okawaru
  7023 | D:9      | Found an ancient bone altar of Kikubaaqudgha.
  7036 | D:9      | Reached skill level 10 in Stealth
  7335 | D:8      | Noticed Grum
  7554 | D:8      | Killed Grum
  7554 | D:8      | Reached skill level 11 in Stealth
  7700 | D:8      | Reached *** piety under Okawaru
  7805 | D:8      | Noticed Joseph
  8200 | D:8      | Reached XP level 10. HP: 49/49 MP: 17/17
  8213 | D:8      | Killed Joseph
  8213 | D:8      | Reached skill level 12 in Stealth
  8522 | D:8      | Found a stormy altar of Qazlal.
  8872 | D:10     | Reached skill level 5 in Spellcasting
  9337 | D:10     | Reached **** piety under Okawaru
  9549 | D:10     | Reached skill level 5 in Fighting
  9824 | D:10     | Identified a -2 rod of ignition (10/10) (You found it on level 9 of the Dungeon)
 10366 | D:11     | Reached ***** piety under Okawaru
 10571 | D:11     | Found Dirunn's Armour Shop.
 10913 | D:11     | Noticed an unseen horror
 10919 | D:11     | Killed an unseen horror
 10919 | D:11     | Reached XP level 11. HP: 56/56 MP: 14/22
 11006 | D:11     | Learned a level 3 spell: Dazzling Spray
 11008 | D:11     | Learned a level 1 spell: Apportation
 11454 | D:12     | Reached skill level 10 in Short Blades
 11662 | D:12     | Noticed a deep elf mage
 11704 | D:12     | Reached skill level 10 in Hexes
 12152 | D:12     | Found a staircase to the Orcish Mines.
 12261 | D:12     | Noticed a hill giant
 12286 | D:12     | Killed a hill giant
 12286 | D:12     | Reached ****** piety under Okawaru
 12286 | D:12     | Received a gift from Okawaru
 12286 | D:12     | Reached skill level 1 in Throwing
 12536 | D:12     | Noticed a deep elf mage
 12558 | D:12     | Noticed a cyan ugly thing
 12578 | D:12     | Killed a cyan ugly thing
 12595 | D:12     | Killed a deep elf mage
 12605 | D:12     | Reached skill level 10 in Dodging
 12817 | D:12     | Reached skill level 13 in Stealth
 12830 | D:12     | Found a roughly hewn altar of Beogh.
 13208 | D:13     | Noticed a skeletal warrior
 13424 | D:13     | Noticed a five-headed hydra
 13451 | D:13     | Reached XP level 12. HP: 62/62 MP: 11/23
 14261 | D:11     | Reached skill level 14 in Stealth
 14906 | D:13     | Killed a five-headed hydra
 15090 | Lair:1   | Entered Level 1 of the Lair of Beasts
 15292 | Lair:1   | Received a gift from Okawaru
 15292 | Lair:1   | Reached skill level 15 in Stealth
 15316 | Lair:1   | Noticed Nergalle
 15319 | Lair:1   | Killed Nergalle
 15340 | Lair:1   | Found a frozen archway.
 15413 | Lair:1   | Found a labyrinth entrance.
 15423 | Lab      | Entered a labyrinth
 15716 | Lab      | Noticed a minotaur
 15721 | Lab      | Killed a minotaur
 15808 | IceCv    | Entered an ice cave
 15808 | IceCv    | Noticed Amnesiac's ghost (journeyman HOGl)
 15818 | IceCv    | Killed Amnesiac's ghost
 16240 | Lair:1   | Reached skill level 16 in Stealth
 16327 | Lair:1   | Noticed a six-headed hydra
 16336 | Lair:1   | Killed a six-headed hydra
 16703 | Lair:1   | Noticed Erica
 16724 | Lair:1   | Killed Erica
 17119 | Lair:1   | Noticed Harold
 17147 | Lair:1   | Killed Harold
 17147 | Lair:1   | Reached XP level 13. HP: 68/68 MP: 21/24
 17319 | D:6      | Noticed Menkaure
 17332 | D:6      | Killed Menkaure
 17555 | D:6      | Noticed Raykoid666's ghost (novice DsSk)
 17570 | D:6      | Killed Raykoid666's ghost
 17933 | D:6      | Received a gift from Okawaru
 18460 | Lair:2   | Found a staircase to the Snake Pit.
 18474 | Lair:2   | Received a gift from Okawaru
 18862 | Lair:2   | Reached skill level 17 in Stealth
 19058 | Lair:2   | Reached skill level 15 in Dodging
 19698 | Lair:3   | Received a gift from Okawaru
 20265 | Lair:4   | Noticed Kirke
 20267 | Lair:4   | Reached skill level 18 in Stealth
 21750 | Lair:3   | Killed Kirke
 22350 | Lair:3   | Found a staircase to the Swamp.
 23452 | Lair:5   | Reached skill level 19 in Stealth
 23471 | Lair:5   | Reached XP level 14. HP: 44/76 MP: 7/25
 23686 | Lair:5   | Got a bound marble ring
 23717 | Lair:5   | Identified the ring "Seomaef" {*Tele rN+ Int+3 Dex+5} (You found it on level 5 of the Lair of Beasts)
 23739 | Lair:5   | Reached skill level 10 in Fighting
 23958 | Lair:5   | Received a gift from Okawaru
 24450 | Lair:5   | Received a gift from Okawaru
 24450 | Lair:5   | Reached skill level 20 in Stealth
 24495 | Lair:6   | Entered Level 6 of the Lair of Beasts
 24707 | Lair:6   | Received a gift from Okawaru
 24710 | Lair:6   | Got an ominously black robe {god gift}
 24716 | Lair:6   | Identified the +3 robe of Okawaru's Fury {rC+ rN+ Dex+3} (Okawaru gifted it to you on level 6 of the Lair of Beasts)
 25880 | Lair:6   | Reached skill level 21 in Stealth
 26502 | Lair:6   | Reached skill level 5 in Throwing
 26872 | Lair:6   | Received a gift from Okawaru
 28026 | Lair:6   | Reached skill level 22 in Stealth
 28079 | Lair:6   | Found a staircase to the Slime Pits.
 28079 | Lair:6   | Found a viscous altar of Jiyva.
 28137 | Lair:6   | Reached XP level 15. HP: 80/80 MP: 26/26
 28391 | Lair:6   | Received a gift from Okawaru
 28468 | Lair:6   | Identified a -2 rod of inaccuracy (9/9) (You found it on level 5 of the Lair of Beasts)
 28502 | Lair:6   | Reached skill level 1 in Shields
 29056 | Swamp:1  | Entered Level 1 of the Swamp
 29339 | Swamp:1  | Noticed a thorn hunter
 29353 | Swamp:1  | Killed from afar by a thorn hunter

Vault maps used:
D:1:      dpeg_arrival_lava_temple_mockup
D:2:      marbit_many_paths, ecumenical_altar_2, nicolae_ru_path_of_blood,
          uniq_jessica, uniq_sigmund
D:3:      lemuel_crystal_altar, first_bread, kennysheep_generic_room_15
D:4:      kennysheep_mini_moat, serial_shops, nicolae_shop_overgrown_old_shop,
          uniq_eustachio, uniq_crazy_yiuf_cottage
D:5:      xom_confusion_cloud, grunt_temple_overflow_holy_war, basic_altar
D:6:      uniq_menkaure
D:7:      cheibrodos_worm_habitat, kennysheep_nub
D:8:      kennysheep_little_box, minmay_lair_entry_lava, uniq_joseph, uniq_grum
D:9:      nicolae_overflow_crystal_walls, kennysheep_vampire_church
D:10:     kennysheep_steamy, hangedman_pestilent_swarm
D:11:     serial_shops, shop, minmay_misc_feat_rugged
D:12:     hiddenorc2_lemuel, special_room
D:13:     grunt_vaults_entry_tiered, zaba_anthell
D:14:     hangedman_decor_peaks_small, special_room, serial_shops, shop,
          uniq_snorg
Temple:   grunt_temple_mini_profane
Lair:1:   portal_ice_cave_entry_ice_beasts, lab_entry_generic,
          cheibrodos_lair_reptile_den, uniq_harold, uniq_erica, uniq_nergalle
Lair:2:   guppyfry_snake_entry_garden, st_stairs_4, lemuel_fruit_fields,
          grunt_megastairs_2, lemuel_fruit_tree, lemuel_fruit_fields,
          infiniplex_staircase_pool
Lair:3:   swamp_mist
Lair:4:   minmay_lair_oklob_items, uniq_kirke
Lair:5:   grunt_megastairs_1
Lair:6:   minmay_lair_end_frog_pond, slime_altar_1
Swamp:1:  evilmike_swamp_ruin_house_1
Lab:      labyrinth_mini_lab
IceCv:    ice_cave_statue_garden_chambered

Skill      XL: |  1  2  3  4  5  6  7  8  9 10 11 12 13 14 15 |
---------------+----------------------------------------------+-----
Stealth        | 5 6 7 8 11 12 13 16 19 22 | 22.7
Short Blades   | 2 3 4 7 9 10 11 | 11.0
Spellcasting   | 3 4 7 |  7.1
Hexes          | 4 6 8 9 10 | 10.2
Fighting       | 3 5 6 7 9 10 | 10.1
Dodging        | 7 8 11 14 15 | 15.1
Throwing       | 1 6 |  6.0
Shields        | 2 |  2.6
Ice Magic      | |  0.2

Action                   |  1- 3 |  4- 6 |  7- 9 | 10-12 | 13-15 || total
-------------------------+-------+-------+-------+-------+-------++-------
Melee: Dagger            |   110 |   102 |   289 |   813 |   893 ||  2207
       Short sword       |       |       |       |    33 |     9 ||    42
       Punch             |       |       |       |       |     3 ||     3
       Quick blade       |       |       |       |       |   386 ||   386
 Fire: Blowgun           |       |       |       |       |    29 ||    29
Throw: Tomahawk          |       |       |       |    23 |    18 ||    41
 Cast: Corona            |    18 |     5 |     5 |     2 |       ||    30
       Ensorcelled Hiber |    18 |     3 |    25 |    89 |    42 ||   177
       Confuse           |     6 |    13 |    46 |   184 |   245 ||   494
       Dazzling Spray    |       |       |       |    17 |    27 ||    44
       Apportation       |       |       |       |     2 |       ||     2
Invok: Heroism           |       |       |       |     4 |     7 ||    11
       Finesse           |       |       |       |     1 |       ||     1
Evoke: Wand              |       |       |       |     2 |       ||     2
  Use: Potion            |     1 |       |       |     9 |     1 ||    11
       Scroll            |       |       |     1 |    15 |     9 ||    25
 Stab: Sleeping          |    13 |    10 |    32 |    86 |    54 ||   195
       Confused          |       |     7 |    29 |    81 |   105 ||   222
       Distracted        |       |     2 |     2 |     2 |     8 ||    14
       Invisible         |       |       |       |     4 |    14 ||    18
  Eat: Bread ration      |     1 |       |     1 |     2 |     1 ||     5
       Royal jelly       |       |       |       |     1 |     3 ||     4
       Fruit             |       |       |       |       |     2 ||     2
Armor: Robe              |    25 |     3 |     1 |    18 |    16 ||    63
       Skin              |       |       |     4 |     1 |     2 ||     7
       Shadow dragon arm |       |       |       |     5 |       ||     5
Dodge: Dodged            |   153 |    61 |   205 |   409 |   973 ||  1801
